Map: [ESL] Ancient Cistern

Players

eGGz - Winner!

  • Race: Zerg Zerg
  • Spawn Location: 7:00

Nina

  • Race: Protoss Protoss
  • Spawn Location: 1:00

Event: ESL SC2 Masters 2023 Summer (Regionals)

VOD

Have the link to the VOD?

Description

Time

  • Played on: May 13, 2023, 2:42 p.m.
  • Length: 12:43

All games in this series

Show
View Real Time Build Order
Export as new Build Order

eGGz Zerg - Winner!

Build Orders: Hatch First, Lurkers 

Get SALT Encoding   

  12  0:00  Drone  
  13  0:12  Overlord  
  13  0:17  Drone  
  14  0:31  Drone  
  14  0:32  Drone  
  16  0:48  Hatchery  
  15  0:51  Drone  
  15  0:55  Drone  
  17  0:58  Drone  
  18  1:09  Extractor  
  17  1:14  Spawning Pool  
  16  1:21  Drone x2  
  18  1:27  Drone  
  19  1:39  Drone  
  20  1:50  Drone  
  21  2:02  Queen  
  21  2:06  Zergling x2  
  21  2:07  Drone  
  25  2:11  Metabolic Boost  
  25  2:13  Drone x2  
  27  2:22  Drone  
  28  2:24  Overlord  
  28  2:36  Extractor, Drone  
  28  2:39  Overlord, Hatchery  
  28  2:42  Queen  
  30  2:44  Drone  
  30  2:51  Queen  
  33  2:53  Drone  
  33  2:55  Zergling x2  
  35  2:59  Drone  
  35  3:04  Drone  
  35  3:05  Drone  
  38  3:16  Overlord  
  38  3:17  Drone, Queen  
  38  3:18  Drone x2  
  43  3:26  Overlord  
  43  3:33  Zergling x2  
  44  3:34  Overlord, Queen  
  44  3:37  Evolution Chamber  
  44  3:38  Drone  
  46  3:44  Zergling x2  
  47  3:58  Drone x6  
  47  4:01  Queen  
  54  4:03  Spore Crawler  
  54  4:08  Zerg Melee Weapons Level 1  
  53  4:10  Queen, Drone  
  53  4:12  Spore Crawler  
  55  4:18  Drone x4  
  55  4:20  Overlord  
  55  4:22  Drone  
  60  4:28  Drone x3  
  62  4:32  Drone x3  
  62  4:35  Drone  
  64  4:40  Spore Crawler, Zergling x2  
  64  4:42  Queen  
  64  4:43  Zergling x2  
  67  4:46  Zergling x4  
  67  4:49  Drone  
  67  4:50  Drone x2  
  72  4:56  Drone x2  
  74  5:03  Zergling x12  
  80  5:11  Lair  
  80  5:12  Extractor  
  79  5:14  Drone  
  79  5:15  Drone, Overlord  
  79  5:18  Hatchery  
  80  5:21  Extractor  
  80  5:22  Extractor  
  80  5:23  Drone x3  
  80  5:30  Zergling x6  
  80  5:32  Overlord  
  80  5:33  Overlord  
  80  5:35  Drone x3  
  85  5:40  Baneling Nest  
  84  5:47  Overlord  
  84  5:52  Zergling x2  
  84  5:53  Zergling x12  
  84  5:55  Overlord  
  91  5:57  Overlord  
  91  6:00  Hatchery  
  91  6:03  Drone  
  91  6:09  Overlord  
  91  6:12  Extractor, Drone x2, Hydralisk Den  
  91  6:13  Drone x3  
  91  6:16  Drone, Zerg Melee Weapons Level 2  
  94  6:20  Zergling x12  
  99  6:27  Zergling x10  
  104  6:32  Zergling x2  
  104  6:33  Zergling x4  
  104  6:38  Overlord  
  104  6:39  Centrifugal Hooks  
  106  6:41  Drone x2  
  106  6:42  Drone  
  106  6:43  Drone x2  
  111  6:47  Muscular Augments  
  111  6:53  Hydralisk  
  111  6:54  Hydralisk x3  
  111  6:55  Zergling x4  
  111  6:59  Baneling x2  
  111  7:00  Zergling x2  
  111  7:01  Zergling x2  
  115  7:11  Zergling x2  
  115  7:12  Zergling x16  
  115  7:14  Zergling x8  
  115  7:15  Zergling x2  
  127  7:16  Baneling x7  
  127  7:19  Zergling x4  
  127  7:22  Zergling x4  
  130  7:27  Zergling x2  
  130  7:28  Zergling x2  
  126  7:38  Zergling x12  
  126  7:39  Zergling x10  
  136  7:44  Zergling x6  
  133  7:55  Zergling x12  
  133  7:57  Overlord  
  138  8:05  Zergling x10  
  135  8:08  Drone x2, Grooved Spines  
  135  8:11  Drone  
  136  8:18  Hydralisk x4  
  136  8:19  Hatchery  
  143  8:23  Hatchery  
  143  8:26  Baneling x16  
  142  8:27  Baneling  
  142  8:28  Baneling x2  
  142  8:33  Hydralisk  
  142  8:34  Hydralisk x2  
  142  8:36  Zergling x2  
  142  8:37  Zergling x2  
  150  8:41  Zergling x2  
  150  8:42  Zergling x2  
  151  8:50  Lurker Den  
  151  8:53  Overlord x2  
  147  9:06  Infestation Pit  
  147  9:07  Drone x5  
  151  9:10  Extractor, Overlord  
  151  9:12  Extractor  
  151  9:16  Hydralisk x8  
  146  9:17  Zergling x4  
  161  9:25  Zergling x14  
  161  9:26  Baneling x3  
  161  9:27  Baneling  
  164  9:37  Zergling x14  
  161  9:43  Zergling x10  
  166  9:50  Lurker x4  
  166  9:51  Zergling x2  
  166  9:52  Zergling x10  
  165  10:00  Zergling x8  
  162  10:10  Zergling x8  
  152  10:17  Drone x5  
  152  10:18  Drone x2  
  159  10:27  Lurker x5  
  164  10:29  Zergling x18  
  164  10:32  Hatchery  
  164  10:33  Zerg Missile Weapons Level 1  
  172  10:38  Extractor, Hive  
  172  10:41  Baneling x3  
  172  10:42  Zergling x10  
  176  10:43  Overseer  
  176  10:46  Zergling x4  
  176  10:47  Zergling x2  
  179  10:51  Baneling x6  
  179  10:54  Overlord  
  173  11:14  Zergling x38  
  180  11:26  Hydralisk  
  180  11:27  Hydralisk x4  
  184  11:36  Overlord  
  169  11:41  Hydralisk  
  169  11:42  Hydralisk x7  
  183  11:53  Hydralisk x5  
  188  12:11  Hydralisk  
  188  12:12  Hydralisk x3, Zergling x18  
  192  12:19  Zergling x12  
Show
View Real Time Build Order
Export as new Build Order

Nina Protoss 

Build Orders: 1 Gate Expand, Oracle Opening 

Get SALT Encoding   

  12  0:00  Probe  
  13  0:12  Probe  
  14  0:18  Pylon  
  14  0:25  Probe (Chrono Boost)  
  15  0:37  Probe (Chrono Boost)  
  15  0:38  Gateway  
  16  0:46  Probe (Chrono Boost)  
  16  0:48  Assimilator  
  17  0:51  Probe  
  18  1:04  Probe  
  19  1:16  Probe  
  20  1:26  Nexus  
  20  1:35  Cybernetics Core  
  20  1:37  Probe  
  21  1:46  Assimilator  
  21  1:49  Probe (Chrono Boost)  
  22  1:55  Pylon  
  23  2:01  Probe (Chrono Boost)  
  23  2:11  Probe  
  23  2:13  Stargate  
  24  2:16  Adept  
  26  2:23  Probe (Chrono Boost)  
  26  2:26  Warp Gate  
  27  2:34  Probe (Chrono Boost)  
  28  2:41  Probe (Chrono Boost)  
  28  2:43  Probe (Chrono Boost)  
  30  2:46  Adept  
  30  2:48  Probe (Chrono Boost)  
  34  2:52  Probe (Chrono Boost)  
  34  2:53  Probe (Chrono Boost)  
  34  2:58  Oracle (Chrono Boost)  
  35  3:02  Probe  
  40  3:05  Probe  
  40  3:08  Pylon  
  40  3:14  Probe  
  40  3:17  Probe  
  42  3:26  Probe  
  43  3:29  Probe  
  44  3:34  Oracle (Chrono Boost)  
  44  3:38  Probe  
  44  3:39  Nexus  
  48  3:43  Pylon  
  48  3:44  Probe  
  49  3:50  Probe  
  49  3:53  Gateway  
  50  3:56  Probe  
  50  4:01  Assimilator  
  50  4:03  Assimilator  
  50  4:04  Probe  
  50  4:07  Oracle (Chrono Boost)  
  50  4:08  Probe  
  55  4:14  Twilight Council  
  55  4:16  Probe  
  56  4:20  Probe  
  56  4:21  Pylon  
  56  4:22  Stalker  
  59  4:31  Probe  
  59  4:35  Probe  
  61  4:39  Gateway  
  61  4:40  Gateway  
  61  4:42  Blink (Chrono Boost)  
  61  4:44  Probe  
  62  4:54  Probe (Chrono Boost)  
  62  4:57  Pylon  
  63  5:01  Pylon  
  63  5:03  Stalker x2  
  63  5:06  Probe (Chrono Boost)  
  70  5:08  Probe x2 (Chrono Boost)  
  70  5:15  Probe (Chrono Boost)  
  70  5:18  Probe x2 (Chrono Boost), Shield Battery  
  70  5:20  Probe  
  73  5:23  Shield Battery  
  73  5:26  Gateway  
  73  5:30  Stalker x2  
  73  5:32  Probe (Chrono Boost)  
  73  5:33  Probe (Chrono Boost)  
  79  5:35  Stalker  
  82  5:43  Stalker  
  82  5:46  Probe (Chrono Boost)  
  85  5:52  Probe (Chrono Boost)  
  85  5:53  Probe (Chrono Boost)  
  85  5:54  Stalker  
  85  5:55  Stalker  
  90  5:59  Probe x2 (Chrono Boost), Pylon  
  90  6:03  Probe (Chrono Boost)  
  93  6:07  Stalker x2  
  93  6:11  Probe (Chrono Boost)  
  98  6:12  Pylon  
  98  6:14  Pylon  
  98  6:16  Probe (Chrono Boost), Forge  
  99  6:19  Probe (Chrono Boost)  
  99  6:23  Stalker x2  
  99  6:24  Stalker  
  106  6:27  Assimilator  
  106  6:28  Assimilator  
  106  6:32  Probe x2  
  108  6:33  Probe  
  109  6:43  Stalker x2  
  109  6:44  Probe x2  
  109  6:46  Probe  
  116  6:49  Stalker  
  116  6:50  Stalker x2  
  121  6:56  Protoss Ground Weapons Level 1 (Chrono Boost)  
  121  7:02  Templar Archives  
  121  7:12  Stalker x2  
  121  7:14  Nexus  
  125  7:18  Pylon  
  125  7:19  Pylon  
  125  7:22  Pylon  
  125  7:24  Pylon  
  125  7:28  Gateway  
  119  7:37  Gateway  
  119  7:38  Charge, Gateway  
  119  7:43  Stalker  
  121  7:45  Stalker  
  121  7:46  Stalker  
  121  7:47  Stalker  
  121  7:51  Pylon  
  125  7:52  Zealot x2  
  125  7:53  Psionic Storm  
  125  7:55  Probe  
  125  7:57  Pylon  
  130  8:03  Probe  
  130  8:05  Probe  
  128  8:13  Nexus, High Templar x5  
  128  8:15  Probe  
  128  8:17  Robotics Facility  
  139  8:20  Photon Cannon  
  139  8:22  Shield Battery  
  139  8:26  Photon Cannon  
  139  8:27  Pylon  
  139  8:28  Probe  
  139  8:30  Shield Battery  
  139  8:31  Assimilator  
  139  8:32  Photon Cannon  
  139  8:33  Assimilator  
  140  8:34  High Templar  
  140  8:35  High Templar  
  140  8:37  Probe x2  
  146  8:45  Photon Cannon  
  146  8:48  Photon Cannon  
  146  8:50  Shield Battery  
  146  8:57  Probe  
  146  8:59  Probe  
  146  9:00  Protoss Ground Weapons Level 2 (Chrono Boost)  
  146  9:02  Stalker x4  
  156  9:05  Fleet Beacon  
  156  9:11  Photon Cannon  
  156  9:23  Observer  
  157  9:27  Stalker  
  157  9:28  Photon Cannon, Stalker x2  
  157  9:29  Stalker  
  157  9:30  Stalker  
  165  9:37  Probe, Stalker x2  
  152  9:41  High Templar  
  154  9:56  Probe  
  143  10:00  Zealot x7  
  155  10:07  Probe  
  155  10:13  Probe  
  157  10:22  Nexus  
  157  10:23  Pylon  
  157  10:30  Pylon  
  157  10:32  Pylon  
  157  10:37  Shield Battery  
  157  10:41  Probe x3, High Templar x2, Photon Cannon  
  164  10:46  Archon  
  164  10:48  Observer (Chrono Boost), Carrier  
  171  10:51  Pylon  
  171  10:53  Probe x2, Pylon  
  171  10:54  Pylon  
  171  10:55  High Templar  
  171  10:56  Pylon  
  175  11:00  High Templar x2  
  175  11:02  Zealot  
  162  11:17  Probe  
  162  11:18  Zealot x4  
  119  11:27  Zealot x2  
  110  11:35  Zealot  
  110  11:36  Zealot  
  108  11:42  Probe  
  108  11:43  Probe  
  110  11:48  High Templar x4  
  115  12:14  Zealot x4  
  99  12:21  High Templar  
  81  12:31  Zealot x3  
Tags
 
Add a new tag
Caveats
  • Supply blocks, unpowered buildings, or Contaminate may cause inaccurate times.
  • Supply counts are checked every 10 seconds.